[Event "Late-Titled-Tuesday-Blitz-March-05-2024"]
[Site "Chess.com"]
[Date "2024.03.05"]
[Round "10"]
[White "PepeCuenca"]
[Black "guillembaches"]
[Result "0-1"]
[WhiteElo "2674"]
[BlackElo "2554"]
[TimeControl "180+1"]
[EndTime "15:52:19 PST"]
[Termination "guillembaches won by checkmate"]

1. d4 d5 2. Bf4 c5 3. e3 cxd4 4. exd4 Nc6 5. Nf3 Bg4 6. Nbd2 e6 7. c3 f6 8. h3 Bh5 9. Bb5 Qd7 10. O-O g5 11. Bh2 Bd6 12. Bxd6 Qxd6 13. Re1 Ne7 14. Qe2 Bf7 15. c4 O-O-O 16. cxd5 exd5 17. Rac1 Kb8 18. Nb3 h5 19. Nfd2 g4 20. h4 g3 21. Bxc6 Nxc6 22.
fxg3 Qxg3 23. Qf2 Qd6 24. Rf1 Rh6 25. Qf4 Qxf4 26. Rxf4 Re8 27. Rcf1 Re6 28. Nc5 Re2 29.
Ndb3 Rg6 30. R4f2 Rxf2 31. Rxf2 Kc7 32. Nd3 Kd6 33. Kh2 Ke7 34. Nf4 Rg4 35. g3 Nd8 36. Nc5 b6 37. Ncd3 Kd6 38. Re2 Rg8 39. Kg2 Nc6 40. Rd2 Ne7 41. Nb4 Nf5 42. Ne2 Nxh4+ 43. Kf2 Nf5 44. Nd3 h4 45. gxh4 Nxh4 46. Ndf4 Nf5 47.
Rd3 Ne7 48. Rh3 Nf5 49. Rh7 Be6 50. Rxa7 Rh8 51. Nxe6 Kxe6 52. Ra6 Rh2+ 53. Ke1 Ne3 54. Rxb6+ Kf5 55. Rb5 Ke4 56. Nc3+ Kf3 57. Ne2 Rxe2# 0-1

[Event "Late-Titled-Tuesday-Blitz-March-05-2024"]
[Site "Chess.com"]
[Date "2024.03.05"]
[Round "10"]
[White "Schattman"]
[Black "Felix-Rose"]
[Result "0-1"]
[WhiteElo "2406"]
[BlackElo "2303"]
[TimeControl "180+1"]
[EndTime "15:52:21 PST"]
[Termination "Felix-Rose won by resignation"]

1. f4 Nf6 2. Nf3 g6 3. g3 Bg7 4. Bg2 O-O 5. d3 d6 6. e4 c5 7. c3 Bg4 8. h3 Bxf3 9. Bxf3 Nc6 10. O-O Rb8 11. a4 a6 12. Be3 Nd7 13. Nd2 b5 14.
axb5 axb5 15. Bg2 Qc7 16. Nf3 b4 17. d4 bxc3 18. bxc3 cxd4 19. cxd4 Rb2 20. Qc1 Qb7 21. Rb1 Rxb1 22. Qxb1 Qa7 23. Qa1 Qa5 24. Qxa5 Nxa5 25. Rc1 Nf6 26. Nd2 Rb8 27. Rc7 e6 28. e5 dxe5 29.
dxe5 Nd5 30. Bxd5 exd5 31. Rd7 Nc4 32. Nxc4 dxc4 33. Rc7 h5 34. Rxc4 Rb3 35. Kf2 g5 36. Kf3 h4 37. Rc8+ Kh7 38. gxh4 gxf4 39. Kxf4 Bh6+ 40.
Kg4 Rxe3 41. Re8 Re4+ 42. Kh5 Bg7 43. Kg5 Rxe5+ 44. Rxe5 Bxe5 45. Kf5 Bg7 46. h5 Kh6 47. Kg4 Bf6 48. Kf5 Bd8 49. Kg4 Be7 50. h4 Bd8 51.
Kf5 Kxh5 52. Kf4 Kxh4 53. Kf5 Kh5 54. Kf4 Be7 55. Kf5 Bd8 56. Kf4 Kg6 57. Kg4 f5+ 58. Kf4 Bc7+ 59. Kf3 Kg5 0-1

[Event "Late-Titled-Tuesday-Blitz-March-05-2024"]
[Site "Chess.com"]
[Date "2024.03.05"]
[Round "10"]
[White "emeli_chess"]
[Black "1g60-1"]
[Result "1/2-1/2"]
[WhiteElo "2398"]
[BlackElo "2284"]
[TimeControl "180+1"]
[EndTime "15:52:22 PST"]
[Termination "Game drawn by repetition"]

1. d4 e6 2. c4 f5 3. g3 Nf6 4.
Bg2 Be7 5. Nh3 O-O 6. O-O d6 7. Nc3 a5 8. f3 e5 9. dxe5 dxe5 10. Qxd8 Bxd8 11. Rd1 c6 12. Be3 h6 13. Bc5 Re8 14.
Nf2 Na6 15. Ba3 Be6 16. b3 Nb4 17. Bb2 Nc2 18. Rac1 Ne3 19. Rd3 Nxg2 20. Kxg2 Bc7 21. e4 fxe4 22. Ncxe4 Rad8 23. Rcd1 Rxd3 24. Rxd3 Bf5 25. g4 Nxe4 26. Nxe4 Be6 27. h4 a4 28. h5 axb3 29. axb3 Ra8 30. Nc5 Bf7 31. Rd7 Bb6 32.
Nd3 Ra2 33. Kg3 Bd4 34. Bxd4 exd4 35. Rxd4 Ra3 36. Rd8+ Kh7 37. Ne5 Bg8 38. b4 Rb3 39. b5 cxb5 40. cxb5 Rxb5 41. Ng6 Rd5 42. Rxg8 Kxg8 43.
Ne7+ Kf7 44. Nxd5 Ke6 45. Nc3 Ke5 46. Nb5 Kd5 47. Na7 Kc5 48. f4 Kb6 49. Nc8+ Kc7 50. Ne7 b5 51. g5 hxg5 52. fxg5 Kd6 53. Nf5+ Ke5 54. Kg4 b4 55. Ne3 b3 56. Nd1 Ke6 57.
h6 gxh6 58. gxh6 Kf7 59. Kg5 Kg8 60. Kg6 Kh8 61. Nb2 Kg8 62. Nc4 Kh8 63. Nb2 Kg8 64. Kh5 Kh7 65. Kg5 Kh8 66. Kg6 1/2-1/2

[Event "Late-Titled-Tuesday-Blitz-March-05-2024"]
[Site "Chess.com"]
[Date "2024.03.05"]
[Round "10"]
[White "HajiyevKanan"]
[Black "GAO"]
[Result "0-1"]
[WhiteElo "2534"]
[BlackElo "2336"]
[TimeControl "180+1"]
[EndTime "15:52:23 PST"]
[Termination "GAO won by resignation"]

1. d4 Nf6 2. Nf3 e6 3. c4 d5 4. cxd5 exd5 5. Nc3 Bb4 6. Qc2 O-O 7. Bf4 c5 8. a3 Bxc3+ 9. bxc3 Nc6 10. e3 Re8 11. Bd3 Bg4 12. Ne5 Bh5 13. Nxc6 bxc6 14. dxc5 Bg6 15.
Bxg6 hxg6 16. Bg5 Qe7 17. h4 Qxc5 18. Bxf6 gxf6 19. h5 Kg7 20. hxg6 fxg6 21. Qd3 Rh8 22. Ke2 Rab8 23. Rxh8 Rxh8 24. Rb1 Re8 25. Qd4 Qxa3 26.
Rb7+ Re7 27. Rb8 Qa2+ 28. Kf3 Qc2 29. Qh4 Qf5+ 30. Kg3 Qe5+ 31. Qf4 Qxf4+ 32. Kxf4 Rc7 33. g4 Kf7 34. g5 Ke6 35. Rg8 Kf7 36. Ra8 Rb7 37.
Rc8 a5 38. gxf6 Ra7 39. Rxc6 a4 40. Rb6 a3 41. Rb1 a2 42. Ra1 Kxf6 43. e4 Ra4 44. f3 g5+ 45. Ke3 Ke5 46. exd5 Kxd5 47. Kd3 Ke5 48. Kc2 Kf4 49. Kb3 Ra6 50. c4 Kxf3 51.
c5 g4 52. c6 Rb6+ 53. Kxa2 Rxc6 54. Rf1+ Kg2 55. Rf4 g3 56. Kb3 Kh2 57. Rh4+ Kg1 58.
Rg4 g2 59. Kb4 Rc2 60. Kb3 Rf2 61. Kc3 Kf1 62. Re4 g1=Q 63. Kd3 Qg3+ 64. Re3 Rf3 65. Rxf3+ Qxf3+ 66. Kd4 Ke2 0-1

[Event "Late-Titled-Tuesday-Blitz-March-05-2024"]
[Site "Chess.com"]
[Date "2024.03.05"]
[Round "10"]
[White "Fjal"]
[Black "PapaieDudu"]
[Result "1-0"]
[WhiteElo "2318"]
[BlackElo "2435"]
[TimeControl "180+1"]
[EndTime "15:52:23 PST"]
[Termination "Fjal won by resignation"]

1. Nf3 d5 2. g3 Nf6 3. Bg2 e6 4. O-O Be7 5. c4 O-O 6. d4 dxc4 7. Nc3 a6 8. Ne5 c5 9. dxc5 Qc7 10. Nxc4 Qxc5 11.
Qb3 e5 12. Be3 Qc7 13. Bb6 Qd7 14. Nxe5 Qf5 15. Nd3 Nc6 16. e4 Qh5 17. Nf4 Qh6 18. Ncd5 Bd6 19. Rfe1 Ng4 20. h3 Nge5 21. Rad1 g5 22.
Nd3 Bxh3 23. Nxe5 Bxe5 24. Qf3 Be6 25. Nc7 Rac8 26. Nxe6 fxe6 27. Qg4 Qg7 28. Qxe6+ Kh8 29. Rd7 Qf6 30. Qxf6+ Rxf6 31. Rxb7 Bxb2 32. Be3 Rg8 33. Rxb2 Ne5 34. Bd4 Re8 35. f4 gxf4 36. gxf4 Rxf4 37. Rf1 Rg4 38. Rf5 Kg8 39. Bxe5 Rd8 40. Kh2 Rh4+ 41. Kg3 Rh6 42. Rb7 Rg6+ 43. Kf3 Rd3+ 44. Ke2 Rd8 45. Bf3 Rc8 46. Bd4 Rc2+ 47. Ke3 Rc8 48. Kf4 h6 49. Rff7 h5 50. Bxh5 Rg2 51. Bg4 Rc1 52. Rg7+ Kf8 53. Rbf7+ Ke8 54. Re7+ Kd8 55. Bf6 Rf1+ 56. Ke5 Rxf6 57. Kxf6 Rf2+ 58. Bf5 Rg2 59.
Rxg2 1-0

[Event "Late-Titled-Tuesday-Blitz-March-05-2024"]
[Site "Chess.com"]
[Date "2024.03.05"]
[Round "10"]
[White "shirovin"]
[Black "rionelG"]
[Result "0-1"]
[WhiteElo "2059"]
[BlackElo "2210"]
[TimeControl "180+1"]
[EndTime "15:52:23 PST"]
[Termination "rionelG won on time"]

1. e4 c5 2. Nf3 d6 3. d4 cxd4 4. Nxd4 Nf6 5. Nc3 a6 6. Bg5 e6 7.
f4 h6 8. Bh4 Qb6 9. Qd2 Qxb2 10. Rb1 Qa3 11. e5 dxe5 12. fxe5 Nfd7 13. Be2 Be7 14.
Bxe7 Qxe7 15. Nf3 O-O 16. O-O Nc6 17. Qe3 Qc5 18. Qxc5 Nxc5 19. Rb6 Nd7 20. Rb3 Ndxe5 21. Rd1 b5 22. a4 b4 23. Ne4 a5 24. c3 Ba6 25. Bxa6 Rxa6 26. Nxe5 Nxe5 27. cxb4 axb4 28. Rxb4 Rfa8 29. Ra1 Nd3 30. Rd4 Nb2 31. Nc5 Ra5 32.
Rb4 Rxc5 33. Rxb2 g5 34. h3 Kg7 35. Kh2 f5 36. Rb4 Kf6 37. Ra3 h5 38. Ra2 Rca5 39.
Rc4 f4 40. Kg1 Kf5 41. Kf2 e5 42. Ra3 g4 43. hxg4+ hxg4 44. Rb4 Rc8 45. Rb2 Rac5 46. a5 Rc2+ 47. Rxc2 Rxc2+ 48. Kf1 g3 49. a6 Rc1+ 50. Ke2 Rc2+ 51. Kf1 Rc8 52. a7 Ra8 53. Ke2 e4 54.
Ra5+ Kg4 55. Ra4 Rxa7 0-1

[Event "Late-Titled-Tuesday-Blitz-March-05-2024"]
[Site "Chess.com"]
[Date "2024.03.05"]
[Round "10"]
[White "ansko1999"]
[Black "rdarruda"]
[Result "0-1"]
[WhiteElo "2657"]
[BlackElo "2546"]
[TimeControl "180+1"]
[EndTime "15:52:24 PST"]
[Termination "rdarruda won by checkmate"]

1. Nf3 d5 2. d4 Nf6 3. c4 c6 4. Nc3 g6 5. cxd5 cxd5 6. Bf4 Bg7 7. Rc1 O-O 8. e3 Nc6 9. Be2 Ne4 10. O-O Nxc3 11.
Rxc3 e6 12. Ne5 Nxe5 13. Bxe5 Bxe5 14. dxe5 Bd7 15. Qd4 Bc6 16. h4 f6 17. h5 fxe5 18.
Qxe5 Qf6 19. Qg3 Kh8 20. hxg6 Qxg6 21. Qe5+ Qf6 22. Qh5 Rg8 23. Bd3 Rg7 24. Rc2 d4 25. e4 Rag8 26. f4 Rg3 27. Rf3 Rxf3 28. Qxf3 e5 29.
Rf2 exf4 30. Qxf4 Qxf4 31. Rxf4 Kg7 32. Rg4+ Kh8 33. Rh4 Rg5 34. Kf2 Kg7 35. Kf3 h6 36. g4 Rg6 37. Kf4 Rf6+ 38. Ke5 Rf2 39. Kxd4 Rxb2 40.
Bc4 Rg2 41. Ke5 Bd7 42. Bd5 Rxg4 43. Rxg4+ Bxg4 44. Bxb7 h5 45. Kf4 Be6 46. a3 h4 47.
Bc6 h3 48. Kg3 Kf6 49. Bb5 Ke5 50. Bd3 Kd4 51. Bf1 Kxe4 52. Bxh3 Bxh3 53. Kxh3 Kd3 54. Kg3 Kc3 55. Kf3 Kb3 56. a4 Kxa4 57. Ke2 Kb3 58. Kd2 Kb2 59. Kd3 a5 60. Kc4 a4 61. Kb4 a3 62. Kc4 a2 63. Kd3 a1=Q 64. Kc4 Qd1 65. Kc5 Kb3 66. Kc6 Kb4 67. Kc7 Kb5 68. Kc8 Kb6 69.
Kb8 Qd8# 0-1

[Event "Late-Titled-Tuesday-Blitz-March-05-2024"]
[Site "Chess.com"]
[Date "2024.03.05"]
[Round "10"]
[White "BogdanDeac"]
[Black "TheBigBoss04"]
[Result "1-0"]
[WhiteElo "2956"]
[BlackElo "2699"]
[TimeControl "180+1"]
[EndTime "15:52:25 PST"]
[Termination "BogdanDeac won on time"]

1. d4 d5 2. c4 e6 3. Nf3 a6 4. Bg5 Be7 5. Bxe7 Qxe7 6. Nbd2 Nf6 7. g3 O-O 8. Bg2 c5 9. dxc5 Rd8 10. cxd5 Rxd5 11.
b4 a5 12. a3 Nc6 13. b5 Nb8 14. O-O Rxc5 15. a4 Nbd7 16. Qb3 Nb6 17. Rfc1 Bd7 18.
Rxc5 Qxc5 19. Ne1 Qd4 20. Ra2 e5 21. Nef3 Qd6 22. Ng5 Rf8 23. Nge4 Nxe4 24. Nxe4 Qe7 25. Ra1 Be6 26. Qc3 Nc4 27. h4 h6 28. Nd2 Nxd2 29. Qxd2 b6 30. Qe3 Qd6 31. Rc1 Rc8 32. Rc6 Rxc6 33.
bxc6 Qc7 34. Qc3 Kf8 35. Bf3 Ke7 36. e3 f6 37. Be2 Qd6 38. c7 Bc8 39. Bf1 Qc5 40.
Qd2 Qxc7 41. Bb5 Qd6 42. Qc2 Be6 43. Kg2 Qc5 44. Qb2 Bd5+ 45. Kg1 Qb4 46. Qc1 Kd6 47.
Kf1 Qc5 48. Qd2 Ke7 49. Ke1 Qb4 50. Qxb4+ axb4 51. Kd2 Kd6 52. Kc2 Kc5 53. Kb2 Bc6 54. Bxc6 Kxc6 55. Kb3 Kc5 56. g4 g6 57. f3 h5 58. gxh5 gxh5 59. e4 Kd4 60. Kxb4 Ke3 61. Kb5 Kxf3 62. Kxb6 Kxe4 63. a5 1-0

[Event "Late-Titled-Tuesday-Blitz-March-05-2024"]
[Site "Chess.com"]
[Date "2024.03.05"]
[Round "10"]
[White "esteban062000"]
[Black "NtcPou"]
[Result "1/2-1/2"]
[WhiteElo "2161"]
[BlackElo "2032"]
[TimeControl "180+1"]
[EndTime "15:52:27 PST"]
[Termination "Game drawn - insufficient material"]

1. e4 c6 2. d4 d5 3. exd5 cxd5 4. c4 Nf6 5. Nf3 Nc6 6. Nc3 g6 7. Bd3 Bg7 8. O-O O-O 9. h3 dxc4 10. Bxc4 b6 11. Bg5 Bb7 12. Re1 Nb4 13. a3 Nbd5 14. Qb3 Nxc3 15. bxc3 e6 16. Ne5 Bd5 17. Bxd5 Qxd5 18.
Qxd5 Nxd5 19. c4 Nc3 20. Bd2 Na4 21. Bb4 Rfd8 22. Nc6 Rd7 23. Ne7+ Kh8 24. d5 Bxa1 25. Rxa1 h6 26. d6 Nb2 27. Bc3+ Kh7 28. Bxb2 Rad8 29. Be5 f6 30. Bxf6 Rxd6 31. Re1 Rd1 32. Kf1 Rxe1+ 33.
Kxe1 Rd7 34. Nc8 Rc7 35. Nd6 Rc6 36. Be5 g5 37. Ne4 Rxc4 38. Nf6+ Kg6 39. Nd7 Rc2 40. Bd6 Ra2 41. Ne5+ Kf5 42. Nc4 Rc2 43. g4+ Ke4 44.
Ne3 Ra2 45. Nd1 Kf3 46. Bg3 Ra1 47. Kd2 Rxa3 48. Nc3 a5 49. Kd3 b5 50. Kc2 b4 51.
Nd1 Ra2+ 52. Kd3 Re2 53. Ne3 b3 54. Nc4 a4 55. Nd2+ Rxd2+ 56. Kxd2 a3 57. Kc3 b2 58. Kc2 e5 59. Bxe5 Kxf2 60. Bg7 Kg3 61. Bxh6 Kxh3 62. Bxg5 Kxg4 63. Be7 Kf5 64. Bxa3 Ke4 65. Bxb2 1/2-1/2

[Event "Late-Titled-Tuesday-Blitz-March-05-2024"]
[Site "Chess.com"]
[Date "2024.03.05"]
[Round "10"]
[White "Inepton_Fermion"]
[Black "Kostukov_Alex"]
[Result "1/2-1/2"]
[WhiteElo "2464"]
[BlackElo "2339"]
[TimeControl "180+1"]
[EndTime "15:52:28 PST"]
[Termination "Game drawn - insufficient material"]

1. Nf3 c5 2. b3 g6 3. Bb2 Nf6 4. c4 Bg7 5. g3 O-O 6. Bg2 Nc6 7. O-O d5 8. cxd5 Qxd5 9. Ne5 Qd6 10. Nxc6 bxc6 11. d3 Be6 12. Nc3 Bd5 13. Rc1 Bxg2 14. Kxg2 Nd7 15. Ne4 Qd5 16. Bxg7 Kxg7 17. Kg1 f5 18.
Nc3 Qd6 19. Na4 f4 20. Qc2 fxg3 21. hxg3 Rf5 22. Nc3 Nf6 23. f4 e5 24. Ne4 Qd4+ 25. Kg2 exf4 26. Nxc5 Qd5+ 27. Ne4 Re8 28. Qxc6 Qxc6 29.
Rxc6 Nxe4 30. dxe4 Rxe4 31. Rc7+ Kf6 32. gxf4 Rxe2+ 33.
Kg3 Re3+ 34. Rf3 Rxf3+ 35. Kxf3 g5 36. Rxh7 Rxf4+ 37. Ke3 a5 38. Ra7 Rf5 39. Ra6+ Kg7 40. Ke4 Rb5 41. Rd6 Kf7 42. Rh6 Kg7 43. Re6 Kf7 44.
Re5 Rxe5+ 45. Kxe5 Kg6 46. a3 Kh5 47. b4 g4 48.
bxa5 g3 49. a6 g2 50. a7 g1=Q 51. a8=Q Qe3+ 52. Kf6 Qf4+ 53. Ke6 Qe3+ 54. Kf5 Qh3+ 55. Kf4 Qh2+ 56. Ke3 Qg1+ 57. Kd2 Qf2+ 58. Kc3 Qc5+ 59. Kb3 Qb5+ 60. Kc2 Qc4+ 61. Kb2 Qd4+ 62. Kb3 Qd3+ 63. Kb4 Qd6+ 64. Kb5 Qd3+ 65. Ka4 Qc4+ 66. Ka5 Qc5+ 67. Ka6 Qxa3+ 68. Kb7 Qb4+ 69. Ka7 Kg6 70. Qb7 Qa5+ 71. Qa6+ Qxa6+ 72. Kxa6 1/2-1/2

[Event "Late-Titled-Tuesday-Blitz-March-05-2024"]
[Site "Chess.com"]
[Date "2024.03.05"]
[Round "10"]
[White "anasta10"]
[Black "jinbojinbo"]
[Result "1/2-1/2"]
[WhiteElo "2531"]
[BlackElo "2635"]
[TimeControl "180+1"]
[EndTime "15:52:30 PST"]
[Termination "Game drawn by repetition"]

1. Nf3 Nf6 2. c4 g6 3. g3 Bg7 4. Bg2 O-O 5. O-O d6 6. Nc3 Nbd7 7. d4 e5 8. Bg5 h6 9. Bxf6 Bxf6 10. Qd2 Bg7 11. Rad1 c6 12. dxe5 dxe5 13. b3 Qe7 14.
Qd6 Qxd6 15. Rxd6 a5 16. Na4 Rb8 17. Rfd1 b5 18. Nc3 bxc4 19. bxc4 Nb6 20. c5 Nc4 21. Rd8 Bg4 22. Rxb8 Rxb8 23. h3 Be6 24. Ne1 Bf8 25. Nd3 Rc8 26. Na4 f5 27. Nb6 Rc7 28. Rb1 Na3 29.
Rc1 Nb5 30. Nxe5 Nd4 31. Kf1 Bxa2 32. Nd3 Bf7 33. Ra1 Nb3 34. Rd1 a4 35. Nxa4 Ra7 36. Bxc6 Ra6 37. Bb5 Ra5 38. Nc3 Nxc5 39. Nxc5 Bxc5 40.
Bd3 Bb4 41. Nb1 Ra1 42. Rc1 Bd6 43. f3 Bxg3 44. e4 Bf4 45. Rc8+ Kg7 46. Ke2 fxe4 47. Bxe4 Ra2+ 48. Kf1 Rh2 49. Nc3 Rxh3 50. Nd5 Be5 51. Ne7 Rh1+ 52. Kg2 Rh2+ 53. Kg1 Ra2 54. Nc6 Bf6 55.
Rc7 h5 56. Rb7 Ra1+ 57. Kg2 Kf8 58. Rb8+ Kg7 59. Rb7 Kg8 60. Rb8+ Kg7 61. Rb7 1/2-1/2

[Event "Late-Titled-Tuesday-Blitz-March-05-2024"]
[Site "Chess.com"]
[Date "2024.03.05"]
[Round "10"]
[White "Tugrik1969"]
[Black "dosto07"]
[Result "0-1"]
[WhiteElo "2401"]
[BlackElo "2516"]
[TimeControl "180+1"]
[EndTime "15:52:31 PST"]
[Termination "dosto07 won on time"]

1. d4 d5 2. c4 dxc4 3. Nf3 Nf6 4. e3 e6 5. Bxc4 a6 6. Nc3 c5 7. O-O Nc6 8. dxc5 Bxc5 9. Qxd8+ Kxd8 10. Rd1+ Ke7 11.
Be2 Bd7 12. Nd2 Rhd8 13. Nb3 Ba7 14. Bd2 Rac8 15. Rac1 Ne5 16. Be1 Be8 17. Na5 Rxd1 18. Rxd1 Rc7 19. b3 Bc5 20. Nc4 Nxc4 21. Bxc4 Bc6 22. Kf1 b5 23. Be2 Ne4 24. Nxe4 Bxe4 25. Bd3 Bxd3+ 26. Rxd3 Bd6 27. Rc3 Rxc3 28. Bxc3 f6 29.
h3 Kd7 30. Ke2 Kc6 31. Kd3 Bf8 32. f3 b4 33. Bd4 e5 34. Bb2 Kd5 35. g4 g6 36. Bc1 f5 37. gxf5 gxf5 38. e4+ fxe4+ 39. fxe4+ Kc5 40. Be3+ Kb5 41. Ke2 Bc5 42. Bg5 Bd4 43. Kf3 Bc3 44. Kg4 Kc5 45. Be7+ Kd4 46. Kf5 Bd2 47. Bd6 a5 48. Bxe5+ Kd3 49. Bf6 Kc2 50. e5 Be3 51. e6 Bc5 52. Ke4 Kb1 53. Kd5 Bf8 54.
Bg7 Bxg7 55. e7 Kxa2 56. e8=Q Kxb3 57. Qb5 a4 58. Qd3+ Bc3 59. Qc4+ Kb2 60. Qe2+ Kb3 61. Qc4+ Kb2 62. Qe2+ Ka3 63. Qd1 b3 64. Qc1+ Bb2 65. Qb1 Bc3 66. Kc4 Be5 67. Qc1+ Ka2 68. Qd1 Ka3 69.
Qc1+ Bb2 70. Qb1 Bg7 71. h4 h5 0-1

[Event "Late-Titled-Tuesday-Blitz-March-05-2024"]
[Site "Chess.com"]
[Date "2024.03.05"]
[Round "10"]
[White "LangesNasenhaar"]
[Black "Vse_po_kaify"]
[Result "1-0"]
[WhiteElo "2524"]
[BlackElo "2409"]
[TimeControl "180+1"]
[EndTime "15:52:35 PST"]
[Termination "LangesNasenhaar won on time"]

1. d4 Nf6 2. Nf3 g6 3. Bg5 Bg7 4. Nbd2 d5 5. e3 O-O 6. c3 c5 7. Be2 Nc6 8. Qb3 c4 9. Qa3 Nd7 10. b3 cxb3 11. axb3 Re8 12. O-O Qc7 13. c4 dxc4 14.
bxc4 e5 15. d5 Bf8 16. Qb2 Nb4 17. e4 a5 18. Rfc1 Nc5 19. Qc3 Bd7 20. Bf6 Bd6 21. Bf1 b6 22. Ne1 Nb7 23. Nd3 Nxd3 24. Qxd3 Bc5 25.
h4 Qd6 26. Bg5 f6 27. Bh6 Qe7 28. Qg3 a4 29. Rcb1 Nd6 30. Bd3 Kh8 31. Be3 f5 32. Bxc5 bxc5 33. f3 f4 34. Qf2 Rec8 35. Rb6 Rc7 36.
Nb1 Nc8 37. Rb2 Rca7 38. Na3 Qd6 39. Rab1 Qc7 40. Qd2 Nd6 41. Qc3 Nf7 42. Rb6 Kg7 43. Bc2 Qd8 44. h5 gxh5 45. Rb7 Rxb7 46. Rxb7 Qc8 47.
Rb6 h4 48. Kh2 Qd8 49. Rb7 Bc8 50. Rb5 Qg5 51. Qe1 Bd7 52. Rxc5 Rb8 53. Rc7 Be8 54.
Nb5 Bxb5 55. cxb5 Rxb5 56. d6 Qf6 57. Bxa4 Rb8 58. Qd2 Rf8 59. Bb3 Qg5 60. Rxf7+ Rxf7 61. Bxf7 Qg3+ 62. Kg1 h3 63. d7 h2+ 64. Kh1 Qg5 65. d8=Q Qh4 66. Qxh4 1-0

[Event "Late-Titled-Tuesday-Blitz-March-05-2024"]
[Site "Chess.com"]
[Date "2024.03.05"]
[Round "10"]
[White "Fh2411"]
[Black "Eliwood44"]
[Result "1-0"]
[WhiteElo "2645"]
[BlackElo "2523"]
[TimeControl "180+1"]
[EndTime "15:52:42 PST"]
[Termination "Fh2411 won by resignation"]

1. d4 Nf6 2. Nf3 e6 3. Bf4 d5 4. e3 Bd6 5. Bg3 O-O 6. Nbd2 c5 7. c3 Qc7 8. Rc1 Nbd7 9. c4 Bxg3 10. hxg3 dxc4 11.
Bxc4 b6 12. Bd3 Bb7 13. b4 g6 14. Nb3 Rac8 15. O-O Rfd8 16. bxc5 bxc5 17. Nxc5 Nxc5 18. Rxc5 Qb8 19. Qc2 Rxc5 20. Qxc5 Qa8 21. Qe7 Kg7 22. Ne5 Rf8 23. Rc1 Bxg2 24. Rc7 Nd5 25. Qd6 Nxc7 26. Qxc7 Bd5 27. Qe7 Qb7 28. Nd7 Rc8 29. Qf6+ Kg8 30.
Nc5 Qb2 31. e4 Bxa2 32. Nd7 Qc1+ 33. Kg2 Qc6 34. Ne5 Qc7 35. Qf4 f5 36. exf5 Bd5+ 37. f3 exf5 38. Kh3 Qg7 39. Bb5 Rd8 40. Bd7 Rxd7 41.
Nxd7 Qxd7 42. Qb8+ Kg7 43. Qe5+ Kg8 44. Qb8+ Kf7 45.
Qh8 Ke6 46. Qe5+ Kf7 47. Qh8 Qe7 48. Qxh7+ Ke6 49. Qxg6+ Qf6 50. Qe8+ Kd6 51. Qb8+ Kc6 52. Qxa7 Qh6+ 53. Kg2 Qd2+ 54. Kh3 Qh6+ 55. Kg2 Qd2+ 56. Kh3 Qd3 57. Qc5+ Kb7 58. Qxd5+ Kb6 59. Qd6+ Kb5 60.
Qc5+ Ka6 61. Qc6+ Ka5 62. Qd5+ Kb6 63. Kh4 f4 64. gxf4 Qh7+ 65. Kg4 Qg6+ 66. Qg5 Qe6+ 67. f5 Qe2 68. Qf6+ Kb5 69. Qe5+ Kc4 70. Qxe2+ Kxd4 71. f6 1-0

[Event "Late-Titled-Tuesday-Blitz-March-05-2024"]
[Site "Chess.com"]
[Date "2024.03.05"]
[Round "10"]
[White "Byniolus"]
[Black "Slovak_fighter2000"]
[Result "1-0"]
[WhiteElo "2784"]
[BlackElo "2642"]
[TimeControl "180+1"]
[EndTime "15:52:53 PST"]
[Termination "Byniolus won by resignation"]

1. e4 e6 2. d3 d5 3. c3 dxe4 4. dxe4 Qxd1+ 5. Kxd1 Nc6 6. Be3 Nf6 7. f3 b6 8. Nd2 Bb7 9. Kc2 O-O-O 10. b4 a5 11. a3 Be7 12. Bb5 Nd7 13. Ne2 Bd6 14. Nc4 Nde5 15. Nxd6+ Rxd6 16. Rhd1 Rhd8 17. Rxd6 Rxd6 18.
Bf4 Rd8 19. bxa5 bxa5 20. Rb1 f6 21. Be3 g5 22. Nd4 Nxd4+ 23. cxd4 Nf7 24. Bc4 Re8 25. Kc3 Nd6 26. Bd3 h6 27. h4 gxh4 28. Rh1 Rg8 29. Bf1 Bxe4 30. fxe4 Nxe4+ 31. Kb3 Ng3 32. Bc4 Kd7 33.
Rxh4 Nf5 34. Re4 Re8 35. g4 Nd6 36. Rf4 f5 37. gxf5 Nxf5 38. Bd2 Rb8+ 39. Kc2 a4 40.
Bd3 Nd6 41. Bb4 Kc6 42. Rf6 Kd5 43. Rxh6 Kxd4 44. Rxe6 Kd5 45. Rh6 Re8 46. Rh5+ Kc6 47. Bxd6 Kxd6 48. Bb5 c6 49. Bxa4 Re3 50. Kb2 Re2+ 51.
Bc2 c5 52. Rh6+ Kd5 53. Rh4 c4 54. Kc3 Re3+ 55. Kb4 c3 56. Rc4 Re8 57. Rxc3 Rb8+ 58. Ka4 Kd4 59. Rc6 Kd5 60. Rc7 Kd6 61. Rc3 Kd5 62.
Bb3+ Kd4 63. Rc4+ Kd3 64. Rc5 Kd4 65. Rb5 Ra8+ 66. Kb4 Rh8 67. a4 Rh4 68. a5 Kd3+ 69.
Ka3 Kc3 70. Rc5+ Kd4 71. Rc4+ 1-0

[Event "Late-Titled-Tuesday-Blitz-March-05-2024"]
[Site "Chess.com"]
[Date "2024.03.05"]
[Round "10"]
[White "masterofpuppets2"]
[Black "Jahonas"]
[Result "1-0"]
[WhiteElo "2495"]
[BlackElo "2386"]
[TimeControl "180+1"]
[EndTime "15:52:59 PST"]
[Termination "masterofpuppets2 won by resignation"]

1. d4 d5 2. c4 c6 3. cxd5 cxd5 4. Bf4 Nc6 5. e3 Nf6 6. Nc3 e6 7. Nf3 Bd6 8. Bg3 O-O 9. Bd3 Re8 10. Rc1 e5 11. dxe5 Nxe5 12. Nxe5 Bxe5 13. O-O Bxg3 14. hxg3 Qb6 15. Na4 Qb4 16. a3 Qe7 17. b4 b6 18. Nc3 Bb7 19. Nb5 Rec8 20. Rxc8+ Bxc8 21. Qc2 Ba6 22. Rc1 g6 23. Nd4 Rc8 24. Nc6 Rxc6 25. Qxc6 Bxd3 26. Qc8+ Kg7 27. Qc7 Qe4 28. Qxa7 Bc4 29. Qxb6 Qe5 30. Qd4 Qe7 31. g4 g5 32. f4 h6 33. Qe5 Qxe5 34. fxe5 Nxg4 35. a4 Nxe5 36. b5 Nd3 37. Rc3 Nc5 38. b6 Nxa4 39. b7 Nxc3 40. b8=Q Ne4 41. Qe5+ Kg6 42. Kh2 h5 43.
Qc7 h4 44. Kh3 Nf2+ 45. Kh2 Ng4+ 46. Kg1 f6 47. Qe7 Ne5 48. Kf2 Kf5 49. Qe8 Ng4+ 50.
Kf3 Ne5+ 51. Kf2 Bd3 52. Qe7 Be4 53. Ke1 Bxg2 54. Qf8 Be4 55. Qh8 Nf3+ 56. Kf2 Ne5 57. Qh7+ Kg4 58. Qc7 Nd3+ 59. Ke2 f5 60. Qd6 h3 61.
Kf1 f4 62. exf4 Nxf4 63. Qd7+ Kg3 64. Qe7 h2 65. Qxg5+ Kh3 66. Qh6+ Kg3 67. Qg5+ Kh3 68. Qh6+ Kg4 69. Qxh2 d4 70. Kf2 d3 71. Qg3+ Kf5 72. Ke3 Nd5+ 73. Kd4 Nf6 74. Qf2+ Kg4 75. Ke3 Kg5 76. Qf4+ Kg6 77. Qg3+ Kf7 78. Qd6 Kg6 79. Kf4 Bf5 80. Ke5 Kg5 81. Qxf6+ Kg4 82. Qxf5+ Kg3 83. Qxd3+ 1-0

[Event "Late-Titled-Tuesday-Blitz-March-05-2024"]
[Site "Chess.com"]
[Date "2024.03.05"]
[Round "10"]
[White "andrzej"]
[Black "Burgsvik"]
[Result "1-0"]
[WhiteElo "2487"]
[BlackElo "2362"]
[TimeControl "180+1"]
[EndTime "15:53:00 PST"]
[Termination "andrzej won by checkmate"]

1. e4 c5 2. Nf3 Nc6 3. d4 cxd4 4. Nxd4 Nf6 5. Nc3 e5 6. Ndb5 d6 7. Bg5 a6 8. Na3 b5 9. Nd5 Be7 10. Bxf6 Bxf6 11. c4 b4 12. Nc2 a5 13. Qf3 O-O 14. Nxf6+ Qxf6 15. Qxf6 gxf6 16. Rd1 Rd8 17. Be2 f5 18. exf5 Bxf5 19. Ne3 Be4 20. f3 Bg6 21. h4 h6 22. h5 Bh7 23. Ng4 Kg7 24. Ne3 Nd4 25. Bd3 f5 26. Kf2 f4 27. Nd5 Bg8 28. Be4 Bxd5 29. Bxd5 Ra7 30. Rh4 Kf6 31. Rg4 Rg7 32.
Rxg7 Kxg7 33. Be4 Kf6 34. Rh1 Rg8 35. Rc1 Rc8 36. b3 Ne6 37. Bd5 Nc5 38. Rh1 Rc7 39.
Ke2 Rg7 40. Kf2 Ra7 41. Rh4 a4 42. Rg4 axb3 43. axb3 Ra2+ 44. Kg1 Nd3 45. Rg6+ Ke7 46. Re6+ Kd7 47. Rxh6 Ra1+ 48. Kh2 Nf2 49. Rh7+ Kd8 50. g3 Ra2 51. gxf4 Nd3+ 52. Kh3 Nxf4+ 53. Kg4 Rb2 54.
h6 Rh2 55. Be4 Ke8 56. Kg5 Rg2+ 57. Kf6 Nh5+ 58. Ke6 Kd8 59. Kxd6 Ke8 60. Bd5 Rg6+ 61. Kxe5 Kd8 62. Rh8+ Ke7 63. h7 Rh6 64. Be4 Ng7 65. Ra8 Rh5+ 66. Kd4 Ne6+ 67. Ke3 Kf6 68. h8=Q+ Rxh8 69.
Rxh8 Ke5 70. Rb8 Kd6 71. Rxb4 Kc5 72. Rb5+ Kd6 73. Rb6+ Ke5 74. Rxe6+ Kxe6 75. f4 Kd6 76. Kd4 Ke6 77. f5+ Kd6 78. b4 Ke7 79. Ke5 Kd7 80. f6 Kc7 81. Bd5 Kb6 82. f7 Ka6 83. f8=Q Ka7 84. Qe7+ Kb6 85. Qb7# 1-0